 Dungeon Crawl Stone Soup version 0.27.0-1-g7a089689b8 (webtiles) character file.

Game seed: 13246839879244459253

0 SnakkuSnakku7 the Sneak (level 1, -1/13 HPs)
             Began as a Vampire Hedge Wizard on Aug 13, 2021.
             Slain by a quokka (4 damage)
             ... on level 1 of the Dungeon.
             The game lasted 00:00:20 (89 turns).

SnakkuSnakku7 the Sneak (Vampire Hedge Wizard)        Turns: 89, Time: 00:00:21

Health: -1/13      AC:  3    Str:  9    XL:     1   Next: 8%
Magic:  4/4        EV: 11    Int: 16    God:
Gold:   0          SH:  0    Dex: 13    Spells: 5/6 levels left

rFire    . . .     SeeInvis +   a - +0 hand axe
rCold    . . .     Faith    .   (no shield)
rNeg     . . .     Spirit   .   f - +0 leather armour
rPois    .         Reflect  .   c - +0 hat
rElec    .         Harm     .   (no cloak)
rCorr    .         Rampage  .   (no gloves)
Will     .....                  (no boots)
Stlth    ++........             (no amulet)
HPRegen  0.24/turn              (no ring)
MPRegen  0.09/turn              (no ring)

@: healing quickly
A: alive, fangs 3, see invisible, vampiric 1
a: Exsanguinate


You were on level 1 of the Dungeon.
You visited 1 branch of the dungeon, and saw 1 of its levels.

Inventory:

Hand Weapons
 a - a +0 hand axe (weapon)
 d - a +0 dagger
Armour
 b - a +0 robe
 c - a +0 hat (worn)
 f - a +0 leather armour (worn)
Scrolls
 e - a scroll of noise {unknown}


   Skills:
 + Level 0.0 Fighting
 + Level 0.0 Axes
 - Level 2.1 Dodging
 - Level 3.0 Stealth
 - Level 3.0 Spellcasting
 - Level 0.6 Conjurations
 - Level 1.0 Summonings
 - Level 0.7 Translocations


You had 5 spell levels left.
You knew the following spells:

 Your Spells              Type           Power      Damage    Failure   Level
a - Magic Dart            Conj           16%        1d3       21%         1

Your spell library contained the following spells:

 Spells                   Type           Power      Damage    Failure   Level
 Call Imp                 Summ           5%         N/A       26%         2
 Blink                    Tloc           N/A        N/A       30%         2
 Slow                     Hex            2%         N/A       36%         2
 Conjure Flame            Conj/Fire      3%         6-21      56%         3
 Mephitic Cloud           Conj/Pois/Air  3%         N/A       58%         3


Dungeon Overview and Level Annotations

Branches:
Dungeon (1/15)

Altars:


Innate Abilities, Weirdness & Mutations

Your natural rate of healing is accelerated.
You have razor-sharp teeth.
You have supernaturally acute eyesight. (SInv)
You are afflicted with vampirism.


Message History

Adjust to which letter? (? for menu, Esc to quit)
a - a +0 hand axe;
d - a +0 dagger (weapon)
Found a scale mail.
e - a scroll labelled AVITIG XUR You see here a +0 leather armour.
f - a +0 leather armour You start removing your armour.
You continue taking off your +0 robe. x4
You finish taking off your +0 robe.
You start putting on your armour.
You continue putting on your +0 leather armour. x5
You finish putting on your +0 leather armour.
A rat comes into view.
A rat is nearby!
A rat is nearby!
A kobold comes into view. It is wielding a +0 whip.
Found a scale mail.
Found a stone staircase leading down.
The kobold shouts!
A quokka comes into view.
You hit the rat.
The rat is moderately wounded.
The rat bites you but does no damage.
You hit the rat.
You kill the rat!
a - a +0 hand axe (weapon)
Found 12 bolts.
You barely miss the kobold. The kobold hits you with a +0 whip.
You closely miss the kobold. The kobold hits you with a +0 whip. x2
You are too injured to fight recklessly!
You are too injured to fight recklessly!
The quokka bites you but does no damage.
The quokka bites you.
* * * LOW HITPOINT WARNING * * *
You see here a +0 scale mail.
A ball python comes into view.
The ball python hisses angrily.
There is a stone staircase leading down here.
You barely miss the quokka. The quokka barely misses you.
The quokka misses you.
You barely miss the quokka. The quokka bites you.
You die...

##.######
#.......# ##. #..
#@# ....
.##..####r##.....
.........KS......
#.....##[##.....
#.....##.# ....
#........#######
#...........####
#.###.##.......#
#........##.##.#


You could see a quokka, a ball python and a kobold.

Vanquished Creatures
  A rat (D:1)
1 creature vanquished.

Notes
Turn   | Place    | Note
-------+----------+-------------------------------------------
     0 | D:1      | SnakkuSnakku7 the Vampire Hedge Wizard began the quest for
                  | the Orb.
     0 | D:1      | Reached XP level 1. HP: 13/13 MP: 4/4
    89 | D:1      | Slain by a quokka

Illustrated notes

Levels and vault maps discovered:
D:1:      eino_arrival_cavern_a, layout_loops_cross,
          shapermc_ecumenical_altar_mp_highgroup

Action                   || total
-------------------------++-------
Melee: Hand axe          ||     4
       Dagger            ||     2
Armor: Leather armour    ||     2
Dodge: Dodged            ||     2
